 Dungeon Crawl Stone Soup version 0.30.1-3-gfc49f6343a (webtiles) character file.

Game seed: 529339367096434010

52619 cheesebisquit the Brawler (level 14, -1/143 HPs)
             Began as a Troll Fighter on July 22, 2023.
             Was a High Priest of Wu Jian.
             Killed from afar by a hell hound (12 damage)
             ... with a blast of flame
             ... on level 5 of the Lair of Beasts.
             The game lasted 00:57:50 (18870 turns).

cheesebisquit the Brawler (Troll Fighter)          Turns: 18870, Time: 00:57:51

Health: -1/143     AC: 13    Str: 33    XL:     14   Next: 27%
Magic:  13/13      EV: 10    Int:  8    God:    Wu Jian [*****.]
Gold:   25         SH: 16    Dex:  9    Spells: 13/13 levels left

rFire   . .          .
                       - Unarmed
rCold   . . .        O - +0 kite shield
rNeg    . . .        N - quicksilver dragon scales
rPois   +            (helmet restricted)
rElec   .            W - +1 cloak
rCorr   .            (gloves unavailable)
SInv    .            (boots unavailable)
Will    ++...        R - amulet of reflection Stlth
                     n - ring of poison resistance
HPRegen 1.23/turn    H - +6 ring of strength
MPRegen 0.13/turn

%: reflection
@: no status effects
A: large, unfitting armour, claws 3, regeneration 1, shaggy fur 1, tough skin 1
a: Renounce Religion, Wall Jump, Serpent's Lash, Heavenly Storm


You were on level 5 of the Lair of Beasts.
You worshipped Wu Jian.
Wu Jian was extremely pleased with you.
You visited 3 branches of the dungeon, and saw 18 of its levels.
You also visited: Ossuary, Bailey and Gauntlet.

You collected 1287 gold pieces.
You spent 1262 gold pieces at shops.

Inventory:

Hand Weapons
 b - a +2 hand axe of flaming
 M - the +6 whip "Wotomots" {distort, rN+ Int+3 Stlth+}
   (You found it in a bailey)

   Int:       It affects your intelligence (+3).
   rN:        It protects you from negative energy.
   Stlth:     It makes you more stealthy.
 T - a +0 morningstar
 Z - the +7 long sword of Resourcefulness {protect, rPois rCorr Int-4 SInv}
   (You took it off an orc priest on level 12 of the Dungeon)

   Int:       It affects your intelligence (-4).
   rPois:     It protects you from poison.
   SInv:      It lets you see invisible.
   rCorr:     It protects you from acid and corrosion.
Missiles
 o - 62 poisoned darts (quivered)
 v - 2 throwing nets
 G - 28 boomerangs
 I - 12 curare-tipped darts
 J - 5 silver javelins
 K - 8 atropa-tipped darts
 S - 11 large rocks
Armour
 p - a +2 robe of willpower
 N - quicksilver dragon scales (worn)
 O - a +0 kite shield (worn)
 P - a +2 troll leather armour {Snorg}
 W - a +1 cloak (worn)
Magical Staves
 c - a staff of earth
Jewellery
 a - a ring of flight
 n - a ring of poison resistance (left claw)
 z - a +4 ring of protection
 H - a +6 ring of strength (right claw)
 R - an amulet of reflection (around neck)
 U - a ring of wizardry
 V - a +6 ring of intelligence
 Y - a ring of magical power
Wands
 g - a wand of acid (7)
 i - a wand of flame (19)
 l - a wand of mindburst (4)
 D - a wand of charming (26)
 F - a wand of roots (10)
 L - a wand of polymorph (8)
Scrolls
 f - 7 scrolls of poison
 j - 7 scrolls of teleportation
 k - a scroll of summoning
 q - 6 scrolls of fog
 r - 2 scrolls of torment
 t - 3 scrolls of blinking
 w - 2 scrolls of silence
 x - 2 scrolls of brand weapon
 A - 3 scrolls of vulnerability
 B - 3 scrolls of magic mapping
 C - 9 scrolls of identify
 Q - 2 scrolls of immolation
Potions
 d - 3 potions of brilliance
 e - 3 potions of lignification
 h - 6 potions of cancellation
 m - 7 potions of attraction
 s - 5 potions of mutation
 u - 6 potions of curing
 E - 2 potions of magic
 X - a potion of ambrosia {unknown}


   Skills:
 + Level 10.3 Fighting
 + Level 9.0 Dodging
 + Level 11.2 Shields
 * Level 16.4 Unarmed Combat


You had 13 spell levels left.
You didn't know any spells.
Your spell library contained the following spells:

 Spells                   Type           Power      Damage    Failure   Level
 Freeze                   Ice            0%         1d3       65%         1
 Magic Dart               Conj           0%         1d3       65%         1
 Call Imp                 Summ           0%         N/A       80%         2
 Cigotuvi's Dreadful Rot  Necr/Pois/Air  0%         N/A       80%         2
 Call Canine Familiar     Summ           0%         N/A       95%         3
 Frozen Ramparts          Ice            0%         1d1       95%         3
 Hailstorm                Conj/Ice       0%         3d3       95%         3
 Ignite Poison            Fire/Tmut/Pois 0%         N/A       95%         3
 Mephitic Cloud           Conj/Pois/Air  0%         N/A       95%         3
 Ozocubu's Armour         Ice            0%         N/A       95%         3
 Portal Projectile        Hex/Tloc       0%         N/A       95%         3
 Anguish                  Hex/Necr       0%         N/A       100%        4
 Animate Armour           Summ/Erth      0%         N/A       100%        4
 Cause Fear               Hex            0%         N/A       100%        4
 Leda's Liquefaction      Hex/Erth       0%         N/A       100%        4
 Alistair's Intoxication  Tmut/Pois      0%         N/A       100%        5
 Blade Hands              Tmut           0%         N/A       100%        5
 Freezing Cloud           Conj/Ice/Air   0%         6-21      100%        5
 Summon Forest            Summ/Tloc      0%         N/A       100%        5
 Eringya's Noxious Bog    Tmut/Pois      0%         N/A       100%        6
 Iron Shot                Conj/Erth      0%         9d1       100%        6
 Plasma Beam              Fire/Air       0%         2x1d11    100%        6
 Enfeeble                 Hex            0%         N/A       100%        7
 Ozocubu's Refrigeration  Ice            0%         4d7       100%        7
 Storm Form               Tmut/Air       0%         N/A       100%        7
 Summon Hydra             Summ           0%         N/A       100%        7


Dungeon Overview and Level Annotations

Branches:
Dungeon (12/15)            Temple (1/1) D:7            Lair (5/5) D:10
 Shoals (0/4) Lair:3        Snake (0/4) Lair:2          Orc (0/2) D:10
Ossuary (visited)          Bailey (visited)         Gauntlet (visited)
  Slime: Lair:4-5

Altars:
Ashenzari
Cheibriados
Dithmenos
Elyvilon
Fedhas
Gozag
Hepliaklqana
Kikubaaqudgha
Makhleb
Nemelex Xobeh
Okawaru
Qazlal
Ru
Sif Muna
Trog
Uskayaw
Vehumet
Wu Jian
Xom
Yredelemnul
Zin
The Shining One

Shops:
D:2 :!??*   D:7 =   D:8 *

Annotations:
Lair:2 1 runed translucent door, Arctor's ghost, journeyman GrFE


Innate Abilities, Weirdness & Mutations

You are too large for most types of armour.
You have claws for hands.
Your natural rate of healing is unusually fast.
You are covered in fur. (AC +1)
You have tough skin. (AC +1)


Message History

Press: ? - help, Dir - move target A komodo dragon and a yak come into view.
Found a potion of lignification.
As you read the scroll of blinking, it crumbles to dust.
The komodo dragon hisses angrily.
As you read the scroll of teleportation, it crumbles to dust.
You feel strangely unstable.
The blink frog blinks! x4
A catoblepas comes into view.
The catoblepas bellows!
You hear a bellow!
The blink frog croaks.
The catoblepas breathes a plume of calcifying dust at you.
The blast of calcifying dust hits you.
* * * LOW HITPOINT WARNING * * *
The blink frog blinks!
The blink frog hits you but does no damage.
You spin and attack the blink frog repeatedly.
You mangle the blink frog!!
The blink frog is heavily wounded.
You barely miss the blink frog.
The blink frog is heavily wounded.
Your surroundings suddenly seem different.
The hell hound barks!
You hear a bark!
The five-headed hydra bites you.
* * * LOW HITPOINT WARNING * * *
The five-headed hydra misses you.
The five-headed hydra completely misses you.
The five-headed hydra bites you.
* * * LOW HITPOINT WARNING * * *
The five-headed hydra bites you but does no damage.
You block the fire crab's attack. x2
Blink to where?
Press: ? - help, Dir - move target A hell hound comes into view.
As you read the scroll of blinking, it crumbles to dust.
The hell hound barks!
As you read the scroll of fog, it crumbles to dust.
The scroll dissolves into smoke.
The hell hound breathes flames at you. The blast of flame hits you!
You die...

.###§≈≈..##.≈≈≈§≈§#
##.....#.#.#.
≈≈§§≈≈≈≈##≈D.≈≈##§§
##..........
§≈≈≈§≈§§#≈≈§§≈§#
#....#.#.#.
≈≈######≈≈≈§§t####
#.......†.. ≈##
##§≈##[##8#
#.....#.#<#. ≈#
#§§#......
#........... §#.
.#≈#...§h§#
#.....#.#.#. ≈#.
..#§§...§§§#
#............ #..
...#§§....§@#
#......#.#.#
..##.§#...§§#
#..........
§§≈#..§§§. #...
..... #........ ..
... ..h........
.........###
....§§#### .≈≈§§# ≈


You could see a fire crab and 2 hell hounds.

Vanquished Creatures
  A dire elephant (Lair:4)
  Snorg (D:10)
  An ogre mage (D:12)
  A hydra (Lair:5)
  2 centaur warriors (D:12)
  2 two-headed ogres (D:12)
  3 boulder beetles
  A skyshark (Lair:3)
  A lindwurm (Lair:2)
  An ugly thing (D:12)
  A manticore (Lair:3)
  3 cyclopes (D:12)
  18 elephants
  5 black mambas
  A molten gargoyle (Lair:5)
  7 cane toads
  A gargoyle (D:11)
  2 kobold demonologists (D:10)
  3 rime drakes
  7 komodo dragons
  5 trolls
  A hornet (D:10)
  A polar bear (Lair:4)
  A wind drake (Lair:3)
  33 blink frogs
  7 dream sheep
  A centaur simulacrum (D:12)
  4 slime creatures (D:12)
  4 wraiths
  3 vampires (D:12)
  A spriggan (Lair:4)
  3 shadows
  7 basilisks
  9 wyverns
  46 yaks
  3 steam dragons
  4 vampire mosquitoes
  Menkaure (D:4)
  An acid dragon (D:9)
  6 water moccasins
  An ice beast (D:5)
  16 orc warriors
  4 sky beasts
  An ogre (D:6)
  4 black bears
  7 wolves
  2 centaurs
  The ghost of hawla the Firebug, an amateur MeFE (D:3)
  11 kobold brigands
  6 bullfrogs
  Blork the orc (D:4)
  9 scorpions (Ossuary)
  3 gnoll sergeants
  6 killer bees (D:9)
  2 howler monkeys (D:11)
  An electric eel (Lair:5)
  2 lava snakes (Lair:5)
  4 centaur zombies (Ossuary)
  A gnoll bouda (D:4)
  5 hounds
  9 orc priests
  A jelly (D:4)
  2 sleepcaps
  3 human zombies (Ossuary)
  6 iguanas
  19 orc wizards
  5 scorpion zombies (Ossuary)
  3 mummies (Ossuary)
  Robin (D:2)
  30 gnolls
  9 adders
  A white imp (D:6)
  5 ufetubi
  4 dart slugs
  47 orcs
  5 endoplasms
  2 giant cockroaches
  5 hobgoblins
  7 jackals
  4 quokkas
  9 ball pythons
  8 bats
  2 frilled lizards
  14 goblins
  2 goblin zombies
  42 kobolds
  4 orc zombies (Ossuary)
  8 rats
  A rat zombie (D:4)
  A butterfly (Lair:3)
549 creatures vanquished.

Notes
Turn   | Place    | Note
-------+----------+-------------------------------------------
     0 | D:1      | cheesebisquit the Troll Fighter began the quest for the
                  | Orb.
     0 | D:1      | Reached XP level 1. HP: 22/22 MP: 0/0
    78 | D:1      | Reached XP level 2. HP: 29/29 MP: 1/1
   157 | D:1      | Found a faded altar of an unknown god.
   462 | D:2      | Found Zinnuc's Magic Scroll Shoppe.
   483 | D:2      | Reached XP level 3. HP: 36/36 MP: 2/2
   483 | D:2      | Bought a scroll of identify for 22 gold pieces
   488 | D:2      | Found Velom's Distillery.
   493 | D:2      | Found Qeucust's Magic Scroll Shoppe.
   505 | D:2      | Bought a scroll of noise for 11 gold pieces
   573 | D:2      | Reached skill level 3 in Unarmed Combat
   590 | D:2      | Noticed Robin
   610 | D:2      | Killed Robin
   666 | D:2      | Bought a scroll of identify for 22 gold pieces
   727 | D:2      | Reached XP level 4. HP: 33/44 MP: 3/3
   816 | D:2      | Found Veosoos's Assorted Antiques.
   976 | D:2      | Found Heleshree's Book Emporium.
  1035 | D:2      | Bought a scroll of identify for 22 gold pieces
  1229 | D:2      | Bought a scroll of identify for 22 gold pieces
  1414 | D:3      | Noticed a kobold brigand
  1416 | D:3      | Found a runed translucent gate.
  1416 | D:3      | Noticed hawla's ghost (amateur MeFE)
  1417 | D:3      | Found a runed translucent gate.
  1417 | D:3      | Found a runed translucent gate.
  1599 | D:3      | Reached XP level 5. HP: 53/53 MP: 4/4
  1806 | D:4      | Reached skill level 4 in Unarmed Combat
  1820 | D:4      | Noticed Menkaure
  1826 | D:4      | Killed Menkaure
  1827 | D:4      | Reached XP level 6. HP: 40/61 MP: 5/5
  1953 | D:2      | Bought a scroll of identify for 22 gold pieces
  2117 | D:4      | Reached skill level 5 in Unarmed Combat
  2166 | D:4      | Noticed Blork the orc
  2171 | D:4      | Killed Blork the orc
  2197 | D:4      | Found a sand-covered staircase.
  2210 | Ossuary  | Entered an ossuary
  2234 | Ossuary  | Reached XP level 7. HP: 67/68 MP: 6/6
  2280 | Ossuary  | Reached skill level 6 in Unarmed Combat
  2395 | Ossuary  | Reached skill level 5 in Shields
  2395 | Ossuary  | Reached XP level 8. HP: 74/79 MP: 7/7
  2436 | Ossuary  | Reached skill level 7 in Unarmed Combat
  2757 | D:2      | Bought a scroll of identify for 22 gold pieces
  3108 | D:4      | Reached skill level 5 in Fighting
  3744 | D:2      | Bought a scroll of identify for 22 gold pieces
  3816 | D:5      | Entered Level 5 of the Dungeon
  3819 | D:5      | Reached skill level 8 in Unarmed Combat
  3978 | D:2      | Bought a scroll of identify for 22 gold pieces
  4331 | D:5      | Reached XP level 9. HP: 88/88 MP: 8/8
  4564 | D:5      | Found a faded altar of an unknown god.
  4564 | D:5      | Found a hazy altar of Hepliaklqana.
  4564 | D:5      | Found a faded altar of an unknown god.
  4757 | D:2      | Bought a scroll of identify for 22 gold pieces
  4773 | D:2      | Bought a scroll of identify for 22 gold pieces
  4960 | D:2      | Bought a scroll of identify for 22 gold pieces
  5070 | D:6      | Found a radiant altar of Vehumet.
  5273 | D:2      | Bought a scroll of identify for 22 gold pieces
  5361 | D:6      | Reached skill level 9 in Unarmed Combat
  5887 | D:2      | Bought a scroll of identify for 22 gold pieces
  5968 | D:7      | Found a staircase to the Ecumenical Temple.
  6030 | Temple   | Entered the Ecumenical Temple
  6248 | Temple   | Became a worshipper of the Wu Jian Council
  6279 | D:7      | Found Hiev Uti's Jewellery Shop.
  6349 | D:7      | Found a basalt altar of Yredelemnul.
  6571 | D:7      | Found a shadowy altar of Dithmenos.
  6571 | D:7      | Found a snail-covered altar of Cheibriados.
  6624 | D:7      | Found a flagged portal.
  6635 | Bailey   | Entered a bailey
  6684 | Bailey   | Reached skill level 10 in Unarmed Combat
  6698 | Bailey   | Reached XP level 10. HP: 87/100 MP: 9/9
  6806 | Bailey   | Reached * piety under Wu Jian
  6904 | Bailey   | Found a burning altar of Makhleb.
  6921 | Bailey   | Identified the +6 whip "Wotomots" {distort, rN+ Int+3
                  | Stlth+}
  7492 | D:2      | Bought a scroll of identify for 50 gold pieces
  7492 | D:2      | Bought a scroll labelled RESACIEDDI for 25 gold pieces
  7735 | D:8      | Reached ** piety under Wu Jian
  7816 | D:8      | Reached skill level 11 in Unarmed Combat
  7854 | D:8      | Found a glowing silver altar of Zin.
  7854 | D:8      | Found a burning altar of Makhleb.
  7855 | D:8      | Noticed a cacodemon
  7855 | D:8      | Noticed an angel
  7922 | D:8      | Found Secsie's Changing Room.
  7980 | D:8      | Reached skill level 5 in Dodging
  8309 | D:9      | Reached XP level 11. HP: 103/109 MP: 10/10
  8907 | D:9      | Reached *** piety under Wu Jian
  8961 | D:9      | Got the Compendium of Overhead Putrescence
  9089 | D:10     | Entered Level 10 of the Dungeon
  9115 | D:10     | Reached skill level 12 in Unarmed Combat
  9127 | D:10     | Noticed Snorg
  9145 | D:10     | Killed Snorg
  9322 | D:10     | Found a staircase to the Lair.
  9406 | D:10     | Found a hide-covered altar of Uskayaw.
  9575 | D:10     | Found a staircase to the Orcish Mines.
 10092 | D:2      | Bought a potion of curing for 36 gold pieces
 10092 | D:2      | Bought a potion of curing for 36 gold pieces
 10092 | D:2      | Bought a potion of curing for 36 gold pieces
 10092 | D:2      | Bought a potion of cancellation for 96 gold pieces
 10092 | D:2      | Bought a potion of might for 48 gold pieces
 10092 | D:2      | Bought a potion of lignification for 36 gold pieces
 10464 | D:11     | Noticed a boulder beetle
 10483 | D:11     | Killed a boulder beetle
 10484 | D:11     | Reached skill level 13 in Unarmed Combat
 10739 | D:2      | Bought a scroll of blinking for 82 gold pieces
 11034 | D:11     | Reached **** piety under Wu Jian
 11289 | D:12     | Reached XP level 12. HP: 120/120 MP: 11/11
 11307 | D:12     | Noticed a centaur warrior
 11309 | D:12     | Noticed a boulder beetle
 11312 | D:12     | Killed a centaur warrior
 11322 | D:12     | Killed a boulder beetle
 11388 | D:12     | Noticed a boulder beetle
 11394 | D:12     | Killed a boulder beetle
 11939 | D:12     | Noticed a two-headed ogre
 11942 | D:12     | Noticed a centaur warrior
 11951 | D:12     | Killed a two-headed ogre
 11958 | D:12     | Killed a centaur warrior
 11980 | D:12     | Reached skill level 14 in Unarmed Combat
 11995 | D:12     | Noticed an ogre mage
 11999 | D:12     | Killed an ogre mage
 12205 | D:2      | Bought a potion of might for 100 gold pieces
 12374 | D:12     | Identified the +7 long sword of Resourcefulness {protect,
                  | rPois rCorr Int-4 SInv}
 12439 | D:12     | Noticed a two-headed ogre
 12449 | D:12     | Killed a two-headed ogre
 12706 | D:3      | Killed hawla's ghost
 12868 | Lair:1   | Entered Level 1 of the Lair of Beasts
 13404 | Lair:1   | Reached ***** piety under Wu Jian
 13412 | Lair:1   | Reached skill level 10 in Shields
 13412 | Lair:1   | Reached XP level 13. HP: 98/131 MP: 12/12
 13857 | Lair:2   | Found a staircase to the Snake Pit.
 13875 | Lair:2   | Found a runed translucent door.
 13877 | Lair:2   | Noticed Arctor's ghost (journeyman GrFE)
 13878 | Lair:2   | Identified the +1 trident "Borei" {freeze, Str+3}
 14552 | Lair:3   | Found a staircase to the Shoals.
 14588 | Lair:3   | Found a gate leading to a gauntlet.
 14615 | Gauntlet | Entered a Gauntlet
 14615 | Gauntlet | Found a large runed translucent door.
 14615 | Gauntlet | Found a large runed translucent door.
 14615 | Gauntlet | Found a large runed translucent door.
 14615 | Gauntlet | Found a large runed translucent door.
 14615 | Gauntlet | Found a large runed translucent door.
 14615 | Gauntlet | Found a large runed translucent door.
 14615 | Gauntlet | Found a large runed translucent door.
 14615 | Gauntlet | Found a large runed translucent door.
 14615 | Gauntlet | Found a runed translucent door.
 14615 | Gauntlet | Found a runed translucent gate.
 14615 | Gauntlet | Found a transporter.
 14615 | Gauntlet | Found a transporter.
 14615 | Gauntlet | Found a runed translucent gate.
 14615 | Gauntlet | Found a transporter.
 14616 | Gauntlet | Found a transporter.
 14619 | Gauntlet | Found a transporter.
 14619 | Gauntlet | Found a transporter.
 14629 | Gauntlet | Found a transporter.
 14633 | Gauntlet | Found a transporter.
 14645 | Gauntlet | Found a transporter.
 14717 | Gauntlet | Found a runed translucent door.
 14718 | Gauntlet | Found a large runed translucent door.
 14718 | Gauntlet | Found a large runed translucent door.
 14718 | Gauntlet | Found a large runed translucent door.
 14718 | Gauntlet | Found a large runed translucent door.
 14719 | Gauntlet | Found a large runed translucent door.
 14719 | Gauntlet | Found a large runed translucent door.
 14720 | Gauntlet | Found a large runed translucent door.
 14720 | Gauntlet | Found a large runed translucent door.
 14729 | Gauntlet | Found a runed translucent gate.
 14745 | Gauntlet | Found a transporter.
 14749 | Gauntlet | Found a transporter.
 14759 | Gauntlet | Found a transporter.
 14900 | Lair:3   | Reached skill level 15 in Unarmed Combat
 15768 | Lair:4   | Noticed a dire elephant
 15785 | Lair:4   | Killed a dire elephant
 16342 | Lair:4   | Reached skill level 10 in Fighting
 16793 | Lair:5   | Entered Level 5 of the Lair of Beasts
 16797 | Lair:5   | Reached skill level 16 in Unarmed Combat
 16901 | Lair:4   | Reached XP level 14. HP: 80/143 MP: 13/13
 17462 | D:7      | Bought an amulet of reflection for 420 gold pieces
 18870 | Lair:5   | Killed from afar by a hell hound

Illustrated notes

Levels and vault maps discovered:
D:1:      onia_arrival_pyramid, layout_rooms, basic_ecumenical_altar
D:2:      layout_basic, serial_shops, shop, shop, nicolae_book_shop_shelving,
          nicolae_shop_hallway_plus, shop, uniq_robin
D:3:      cheibrodos_old_hovel, layout_loops_cross,
          gammafunk_ghost_nasty_kobolds, serial_bayou_pond_d,
          kennysheep_doodads, kennysheep_nondescript
D:4:      layout_basic, enter_ossuary_4, uniq_blork_the_orc, uniq_menkaure
D:5:      layout_basic, nicolae_hepliaklqana_ecumenical_no_more
D:6:      layout_rooms, nicolae_vehumet_altar_sigil, minmay_diced_spiral
D:7:      layout_rooms, mainiacjoe_overflow_concentric_impassable,
          gammafunk_temple_overflow_elements, minmay_temple_entry_large_hall,
          enter_bailey_2, minmay_shop_enchanted_jewellery,
          kennysheep_cluttered_room
D:8:      minmay_flawed_box, layout_basic,
          grunt_temple_overflow_order_and_chaos_2, nicolae_transmutations_shop
D:9:      layout_loops_ring
D:10:     layout_loops_ring, nicolae_uskayaw_dance_hall, lair_entry_dummy,
          orc_0_dummy, hangedman_abyss_or_decor_lesser_grid, uniq_snorg
D:11:     layout_basic
D:12:     layout_roguey [special_room_orc], minmay_pinched_square
Temple:   eino_narrow_crystal_temple
Lair:1:   layout_concentric_octagons, beast_lair_carwin_3
Lair:2:   layout_loops_ring, dummy_snake_entry, ebering_ghost_funeral_grove
Lair:3:   layout_roguey, minmay_shoals_entry_beasts, gauntlet_entry_generic,
          infiniplex_staircase_pool_2, lemuel_fruit_fields
Lair:4:   mu_elephants_graveyard, layout_cave_pods
Lair:5:   cheibrodos_lair_end_hotspot, layout_hall_layers, slime_entry_1,
          st_stairs_10, nicolae_quartered_pool_super

Skill      XL: |  1  2  3  4  5  6  7  8  9 10 11 12 13 14 |
---------------+-------------------------------------------+-----
Shields        | 3 4 5 6 7 9 10 11 | 11.2
Unarmed Combat | 3 4 5 6 8 10 11 13 14 16 | 16.4
Fighting       | 3 4 5 6 7 8 9 10 | 10.3
Dodging        | 3 5 6 7 8 9 |  9.0

Action                     |  1- 3 |  4- 6 |  7- 9 | 10-12 | 13-15 || total
---------------------------+-------+-------+-------+-------+-------++-------
  Melee: Unarmed           |   112 |    97 |   379 |   774 |   509 ||  1871
         Hand axe          |       |       |       |       |     7 ||     7
  Throw: Dart              |       |       |    32 |    42 |    58 ||   132
         Boomerang         |       |       |     5 |    40 |       ||    45
Ability: Lunge             |       |       |     2 |    53 |    22 ||    77
         Whirlwind         |       |       |       |    15 |    16 ||    31
    Use: Scroll            |     4 |     4 |    14 |     2 |    10 ||    34
         Potion            |       |     1 |     5 |     8 |     7 ||    21
   Stab: Sleeping          |       |     2 |     1 |       |       ||     3
         Distracted        |       |       |     1 |       |       ||     1
 Armour: Robe              |    29 |    32 |   145 |     6 |       ||   212
         Quicksilver drago |       |       |       |   229 |   176 ||   405
  Dodge: Dodged            |    38 |    32 |   117 |   172 |   164 ||   523
  Block: Kite shield       |    43 |    37 |   168 |   273 |   273 ||   794
         Reflection        |       |       |       |       |     2 ||     2
